| TOP OF THE 1ST |
|
Trois-Riveres Aigles batting - Pitching for Detroit Red Wings : RHP Jimmy Dean
|
|
Pitching: RHP Jimmy Dean
|
|
|
Batting: SHB Josif Popovski
|
0-0: Ball 1-0: Foul Ball, location: 2F 1-1: Foul Ball, location: 2F 1-2: Ball 2-2: SINGLE (Line Drive, 6MD, EV 96.9 MPH)
|
|
Batting: RHB Micah Logan
|
0-0: Called Strike 0-1: Fly out, F9 (Line Drive, 9LM, EV 93.1 MPH)
|
|
Batting: SHB Derek Weaver
|
0-0: Swinging Strike 0-1: Ball 1-1: Called Strike Josif Popovski steals 2nd base 1-2: Ball 2-2: Foul Ball, location: 2F 2-2: Ball 3-2: Fly out, F8 (Flyball, 89S, EV 83.8 MPH)
|
|
Batting: RHB Alistair Holmes
|
0-0: Called Strike 0-1: Ball 1-1: Swinging Strike 1-2: Ball 2-2: Foul Ball, location: 2F 2-2: Foul Ball, location: 2F 2-2: Foul Ball, location: 2F 2-2: Foul Ball, location: 2F 2-2: Ball 3-2: Fly out, F9 (Flyball, 9, EV 96.2 MPH)
|
| Top of the 1st over - 0 runs, 1 hit, 0 errors, 1 left on base; Trois-Riveres 0 - Detroit 0 |
| BOTTOM OF THE 1ST |
|
Detroit Red Wings batting - Pitching for Trois-Riveres Aigles : RHP Benedict Cucumberpatch
|
|
Pitching: RHP Benedict Cucumberpatch
|
|
|
Batting: LHB Duda Pinho
|
0-0: Called Strike 0-1: Ball 1-1: Ball 2-1: Swinging Strike 2-2: Ball 3-2: Base on Balls
|
|
Batting: LHB Manny Rangel
|
0-0: Ball 1-0: Ball 2-0: Foul Ball, location: 2F 2-1: Foul Ball, location: 2F 2-2: Strikes out swinging
|
|
Batting: SHB Bill Casal
|
0-0: Foul Ball, location: 2F 0-1: Ball 1-1: Called Strike 1-2: Foul Ball, location: 2F 1-2: Ball 2-2: Ball 3-2: DOUBLE (Line Drive, 78D, EV 101.9 MPH) Duda Pinho to third Duda Pinho scores
|
|
Batting: RHB Harry Tugnut
|
0-0: Ball 1-0: Called Strike 1-1: Ball 2-1: Fly out, F9 (Flyball, 9LS, EV 89.4 MPH)
|
|
Batting: RHB Carlos Avila
|
0-0: Ball 1-0: Foul Ball, location: 2F 1-1: Swinging Strike 1-2: Fly out, F2 (Popup, 23F, EV 80.6 MPH)
|
| Bottom of the 1st over - 1 run, 1 hit, 0 errors, 1 left on base; Trois-Riveres 0 - Detroit 1 |
| TOP OF THE 2ND |
|
Trois-Riveres Aigles batting - Pitching for Detroit Red Wings : RHP Jimmy Dean
|
|
Batting: SHB Shafeeq bin Haytham
|
0-0: Called Strike 0-1: Ball 1-1: Ball 2-1: Foul Ball, location: 2F 2-2: Foul Ball, location: 2F 2-2: Ball 3-2: Ground out 6-3 (Groundball, P, EV 82.5 MPH)
|
|
Batting: RHB Chris Davis
|
0-0: Called Strike 0-1: SINGLE (Groundball, 56D, EV 99.4 MPH)
|
|
Batting: RHB John Garland
|
0-0: Ball 1-0: Ball 2-0: Swinging Strike 2-1: Ball 3-1: Foul Ball, location: 2F 3-2: Strikes out swinging
|
|
Batting: SHB Reed Healey
|
0-0: Swinging Strike 0-1: Foul Ball, location: 2F 0-2: Ball 1-2: Ground out 1-3 (Groundball, 34S, EV 64.4 MPH)
|
| Top of the 2nd over - 0 runs, 1 hit, 0 errors, 1 left on base; Trois-Riveres 0 - Detroit 1 |
| BOTTOM OF THE 2ND |
|
Detroit Red Wings batting - Pitching for Trois-Riveres Aigles : RHP Benedict Cucumberpatch
|
|
Batting: RHB Tim Spence
|
0-0: Ball 1-0: Ball 2-0: Swinging Strike 2-1: SOLO HOME RUN (Flyball, 7LD, EV 96.2 MPH), Distance : 358 ft
|
|
Batting: RHB Jason LeBlanc
|
0-0: Foul Ball, location: 2F 0-1: Ball 1-1: Ball 2-1: Foul Ball, location: 2F 2-2: Ground out 6-3 (Groundball, 6, EV 85.0 MPH)
|
|
Batting: RHB Mark Massey
|
0-0: Ball 1-0: Swinging Strike 1-1: Swinging Strike 1-2: Strikes out looking
|
|
Batting: RHB Ian Johnson
|
0-0: Ball 1-0: SINGLE (Groundball, 56D, EV 110.0 MPH)
|
|
Batting: LHB Duda Pinho
|
0-0: Ball 1-0: Foul Ball, location: 2F 1-1: Foul Ball, location: 2F 1-2: Ball 2-2: Strikes out looking
|
| Bottom of the 2nd over - 1 run, 2 hits, 0 errors, 1 left on base; Trois-Riveres 0 - Detroit 2 |
| TOP OF THE 3RD |
|
Trois-Riveres Aigles batting - Pitching for Detroit Red Wings : RHP Jimmy Dean
|
|
Batting: RHB Danny Mota
|
0-0: Ball 1-0: Foul Ball, location: 2F 1-1: Called Strike 1-2: Foul Ball, location: 2F 1-2: Strikes out swinging
|
|
Batting: SHB Josif Popovski
|
0-0: Fly out, F7 (Line Drive, 7LM, EV 87.5 MPH)
|
|
Batting: RHB Micah Logan
|
0-0: Ball 1-0: Foul Ball, location: 2F 1-1: Called Strike 1-2: Strikes out swinging
|
| Top of the 3rd over - 0 runs, 0 hits, 0 errors, 0 left on base; Trois-Riveres 0 - Detroit 2 |
| BOTTOM OF THE 3RD |
|
Detroit Red Wings batting - Pitching for Trois-Riveres Aigles : RHP Benedict Cucumberpatch
|
|
Batting: LHB Manny Rangel
|
0-0: Ball 1-0: Foul Ball, location: 2F 1-1: Swinging Strike 1-2: Strikes out swinging
|
|
Batting: SHB Bill Casal
|
0-0: Ball 1-0: Called Strike 1-1: Foul Ball, location: 2F 1-2: Hit by Pitch
|
|
Batting: RHB Harry Tugnut
|
0-0: Grounds into double play, 6-4-3 (Groundball, 6, EV 101.2 MPH)
|
| Bottom of the 3rd over - 0 runs, 0 hits, 0 errors, 0 left on base; Trois-Riveres 0 - Detroit 2 |
| TOP OF THE 4TH |
|
Trois-Riveres Aigles batting - Pitching for Detroit Red Wings : RHP Jimmy Dean
|
|
Batting: SHB Derek Weaver
|
0-0: Fly out, F6 (Popup, 6, EV 53.1 MPH)
|
|
Batting: RHB Alistair Holmes
|
0-0: Foul Ball, location: 2F 0-1: Ball 1-1: Foul Ball, location: 2F 1-2: Fly out, F9 (Flyball, 9D, EV 91.2 MPH)
|
|
Batting: SHB Shafeeq bin Haytham
|
0-0: Ball 1-0: Ball 2-0: Ball 3-0: Called Strike 3-1: Foul Ball, location: 2F 3-2: Strikes out swinging
|
| Top of the 4th over - 0 runs, 0 hits, 0 errors, 0 left on base; Trois-Riveres 0 - Detroit 2 |
| BOTTOM OF THE 4TH |
|
Detroit Red Wings batting - Pitching for Trois-Riveres Aigles : RHP Benedict Cucumberpatch
|
|
Batting: RHB Carlos Avila
|
0-0: Ball 1-0: Swinging Strike 1-1: Ball 2-1: Called Strike 2-2: Ball 3-2: Strikes out looking
|
|
Batting: RHB Tim Spence
|
0-0: Ball 1-0: Called Strike 1-1: Called Strike 1-2: Foul Ball, location: 2F 1-2: Ball 2-2: Ground out 6-3 (Groundball, 56, EV 86.2 MPH)
|
|
Batting: RHB Jason LeBlanc
|
0-0: Called Strike 0-1: Ground out 6-3 (Groundball, 6, EV 84.4 MPH)
|
| Bottom of the 4th over - 0 runs, 0 hits, 0 errors, 0 left on base; Trois-Riveres 0 - Detroit 2 |
| TOP OF THE 5TH |
|
Trois-Riveres Aigles batting - Pitching for Detroit Red Wings : RHP Jimmy Dean
|
|
Batting: RHB Chris Davis
|
0-0: Swinging Strike 0-1: Called Strike 0-2: Strikes out swinging
|
|
Batting: RHB John Garland
|
0-0: Ball 1-0: Ball 2-0: Ball 3-0: Base on Balls
|
|
Batting: SHB Reed Healey
|
0-0: Called Strike 0-1: Foul Ball, location: 2F 0-2: Ball 1-2: Ball 2-2: Ball 3-2: Base on Balls John Garland to second
|
|
Batting: RHB Danny Mota
|
0-0: Foul Ball, location: 2F 0-1: Called Strike 0-2: Ball 1-2: Strikes out looking
|
|
Batting: SHB Josif Popovski
|
0-0: Foul Ball, location: 2F 0-1: Ball 1-1: Foul Ball, location: 2F 1-2: Foul Ball, location: 2F 1-2: Ball 2-2: Foul Ball, location: 2F 2-2: Fly out, F7 (Line Drive, 7D, EV 86.9 MPH)
|
| Top of the 5th over - 0 runs, 0 hits, 0 errors, 2 left on base; Trois-Riveres 0 - Detroit 2 |
| BOTTOM OF THE 5TH |
|
Detroit Red Wings batting - Pitching for Trois-Riveres Aigles : RHP Benedict Cucumberpatch
|
|
Batting: RHB Mark Massey
|
0-0: Foul Ball, location: 2F 0-1: Called Strike 0-2: Strikes out looking
|
|
Batting: RHB Ian Johnson
|
0-0: Ball 1-0: Called Strike 1-1: SINGLE (Flyball, 7LS, EV 101.2 MPH)
|
|
Pitching: RHP Corey Adkins
|
|
|
Batting: LHB Duda Pinho
|
0-0: Foul Ball, location: 2F 0-1: Ball 1-1: Ground out 4-3 (Groundball, 34S, EV 79.4 MPH) Ian Johnson to second
|
|
Batting: LHB Manny Rangel
|
0-0: Ball 1-0: Ball 2-0: Swinging Strike 2-1: Ground out 5-3 (Groundball, 5, EV 86.2 MPH)
|
| Bottom of the 5th over - 0 runs, 1 hit, 0 errors, 1 left on base; Trois-Riveres 0 - Detroit 2 |
| TOP OF THE 6TH |
|
Trois-Riveres Aigles batting - Pitching for Detroit Red Wings : RHP Jimmy Dean
|
|
Batting: RHB Micah Logan
|
0-0: DOUBLE (Line Drive, 3D, EV 99.4 MPH)
|
|
Batting: SHB Derek Weaver
|
0-0: Ball 1-0: Ball 2-0: Foul Ball, location: 2F 2-1: Ball 3-1: Called Strike 3-2: Base on Balls
|
|
Batting: RHB Alistair Holmes
|
0-0: Called Strike 0-1: Fielders Choice at 2nd, 1-4 (Groundball, P, EV 64.4 MPH) Micah Logan to third
|
|
Batting: SHB Shafeeq bin Haytham
|
0-0: Ball 1-0: Ball 2-0: Ball Wild Pitch! Micah Logan scores Alistair Holmes to second 3-0: Base on Balls
|
|
Batting: RHB Chris Davis
|
0-0: Ball 1-0: Swinging Strike 1-1: Swinging Strike 1-2: Ball 2-2: Fly out, F8 (Flyball, 8RM, EV 92.5 MPH)
|
|
Pitching: RHP Felipe Torres
|
|
|
Batting: RHB John Garland
|
0-0: Ball 1-0: Ball 2-0: Called Strike 2-1: Foul Ball, location: 2F 2-2: Ball 3-2: Base on Balls Alistair Holmes to third Shafeeq bin Haytham to second
|
|
Batting: SHB Reed Healey
|
0-0: Called Strike 0-1: Ball 1-1: Foul Ball, location: 2F 1-2: Foul Ball, location: 2F 1-2: Ball 2-2: Strikes out swinging
|
| Top of the 6th over - 1 run, 1 hit, 0 errors, 3 left on base; Trois-Riveres 1 - Detroit 2 |
| BOTTOM OF THE 6TH |
|
Detroit Red Wings batting - Pitching for Trois-Riveres Aigles : RHP Corey Adkins
|
|
Batting: SHB Bill Casal
|
0-0: Called Strike 0-1: Ball 1-1: Ball 2-1: Ball 3-1: Base on Balls
|
|
Batting: RHB Harry Tugnut
|
0-0: SINGLE (Groundball, 56D, EV 103.8 MPH) Bill Casal to second
|
|
Batting: RHB Carlos Avila
|
0-0: Called Strike 0-1: Foul Ball, location: 2F 0-2: SINGLE (Line Drive, 34D, EV 103.1 MPH) Bill Casal to third Harry Tugnut to second
|
|
Batting: RHB Tim Spence
|
0-0: Ball 1-0: Ball 2-0: Called Strike 2-1: Foul Ball, location: 2F 2-2: Ball 3-2: Foul Ball, location: 2F 3-2: Foul Ball, location: 2F 3-2: Strikes out swinging
|
|
Batting: RHB Jason LeBlanc
|
0-0: Ball 1-0: Called Strike 1-1: Swinging Strike 1-2: Strikes out swinging
|
|
Batting: RHB Mark Massey
|
0-0: Foul Ball, location: 2F 0-1: Foul Ball, location: 2F 0-2: Ball 1-2: Foul Ball, location: 2F 1-2: Fly out, F7 (Flyball, 7D, EV 92.5 MPH)
|
| Bottom of the 6th over - 0 runs, 2 hits, 0 errors, 3 left on base; Trois-Riveres 1 - Detroit 2 |
| TOP OF THE 7TH |
|
Trois-Riveres Aigles batting - Pitching for Detroit Red Wings : RHP Felipe Torres
|
|
Batting: RHB Danny Mota
|
0-0: Called Strike 0-1: Ball 1-1: Foul Ball, location: 2F 1-2: Ground out 4-3 (Groundball, 4, EV 101.9 MPH)
|
|
Batting: SHB Josif Popovski
|
0-0: Foul Ball, location: 2F 0-1: Called Strike 0-2: Ball 1-2: Foul Ball, location: 2F 1-2: Foul Ball, location: 2F 1-2: Foul Ball, location: 2F 1-2: Ball 2-2: Ground out 5-3 (Groundball, 56, EV 101.2 MPH)
|
|
Batting: RHB Micah Logan
|
0-0: Swinging Strike 0-1: Swinging Strike 0-2: Ball 1-2: Strikes out swinging
|
| Top of the 7th over - 0 runs, 0 hits, 0 errors, 0 left on base; Trois-Riveres 1 - Detroit 2 |
| BOTTOM OF THE 7TH |
|
Detroit Red Wings batting - Pitching for Trois-Riveres Aigles : RHP Corey Adkins
|
|
Batting: RHB Ian Johnson
|
0-0: Swinging Strike 0-1: Called Strike 0-2: Ball 1-2: Ball 2-2: Foul Ball, location: 2F 2-2: SINGLE (Groundball, 56S, EV 70.6 MPH) (infield hit)
|
|
Batting: LHB Duda Pinho
|
0-0: Ball 1-0: Ball 2-0: Called Strike 2-1: Foul Ball, location: 2F 2-2: 2-RUN HOME RUN (Flyball, 89XD, EV 110.0 MPH), Distance : 416 ft
|
|
Batting: LHB Manny Rangel
|
0-0: Foul Ball, location: 2F 0-1: Called Strike 0-2: Foul Ball, location: 2F 0-2: Ball 1-2: Ball 2-2: Ball 3-2: Strikes out swinging
|
|
Batting: SHB Bill Casal
|
0-0: Ball 1-0: Ball 2-0: Ball 3-0: Called Strike 3-1: Foul Ball, location: 2F 3-2: Base on Balls
|
|
Pitching: RHP Joe Elder
|
|
|
Batting: RHB Harry Tugnut
|
0-0: Called Strike 0-1: Foul Ball, location: 2F 0-2: Grounds into double play, 6-4-3 (Groundball, 6, EV 83.8 MPH)
|
| Bottom of the 7th over - 2 runs, 2 hits, 0 errors, 0 left on base; Trois-Riveres 1 - Detroit 4 |
| TOP OF THE 8TH |
|
Trois-Riveres Aigles batting - Pitching for Detroit Red Wings : RHP Felipe Torres
|
|
Batting: SHB Derek Weaver
|
0-0: Called Strike 0-1: Foul Ball, location: 2F 0-2: Foul Ball, location: 2F 0-2: Ball 1-2: Strikes out swinging
|
|
Batting: RHB Alistair Holmes
|
0-0: Ball 1-0: Foul Ball, location: 2F 1-1: Foul Ball, location: 2F 1-2: Ball 2-2: Ball 3-2: Base on Balls
|
|
Pitching: LHP Jayden Carter
|
|
|
Batting: SHB Shafeeq bin Haytham
|
0-0: Ball 1-0: Swinging Strike 1-1: Foul Ball, location: 2F 1-2: Strikes out looking
|
|
Batting: RHB Chris Davis
|
0-0: Ball 1-0: Fielders Choice at 2nd, 5-4 (Groundball, 5L, EV 100.0 MPH)
|
| Top of the 8th over - 0 runs, 0 hits, 0 errors, 1 left on base; Trois-Riveres 1 - Detroit 4 |
| BOTTOM OF THE 8TH |
|
Detroit Red Wings batting - Pitching for Trois-Riveres Aigles : RHP Joe Elder
|
|
Batting: RHB Carlos Avila
|
0-0: Ball 1-0: Called Strike 1-1: Foul Ball, location: 2F 1-2: Foul Ball, location: 2F 1-2: Ball 2-2: Foul Ball, location: 2F 2-2: Strikes out swinging
|
|
Batting: RHB Tim Spence
|
0-0: Ball 1-0: Ball 2-0: Fly out, F7 (Flyball, 7LM, EV 86.9 MPH)
|
|
Batting: RHB Jason LeBlanc
|
0-0: Foul Ball, location: 2F 0-1: Ball 1-1: Called Strike 1-2: Foul Ball, location: 2F 1-2: Strikes out looking
|
| Bottom of the 8th over - 0 runs, 0 hits, 0 errors, 0 left on base; Trois-Riveres 1 - Detroit 4 |
| TOP OF THE 9TH |
|
Trois-Riveres Aigles batting - Pitching for Detroit Red Wings : LHP Jayden Carter
|
|
Batting: RHB John Garland
|
0-0: Ball 1-0: Swinging Strike 1-1: Ball 2-1: Foul Ball, location: 2F 2-2: Strikes out swinging
|
|
Pinch Hitting: RHB Christopher Arnett
|
0-0: Ground out 6-3 (Groundball, 6, EV 85.0 MPH)
|
|
Batting: RHB Danny Mota
|
0-0: Ball 1-0: Called Strike 1-1: Swinging Strike 1-2: Ball 2-2: Strikes out swinging
|
| Top of the 9th over - 0 runs, 0 hits, 0 errors, 0 left on base; Trois-Riveres 1 - Detroit 4 |
|